 Dungeon Crawl Stone Soup version 0.27.0-1-g7a089689b8 (webtiles) character file.

Game seed: 17184126422037449128

938 snetch the Chopper (level 7, 0/62 HPs)
             Began as a Minotaur Berserker on Aug 6, 2021.
             Was a Priest of Trog.
             Slain by a centaur (2 damage)
             ... on level 6 of the Dungeon.
             The game lasted 00:07:29 (4634 turns).

snetch the Chopper (Minotaur Berserker)             Turns: 4634, Time: 00:07:30

Health: 0/62       AC: 13    Str: 24    XL:     7   Next: 87%
Magic:  6/6        EV: 13    Int:  4    God:    Trog [***...]
Gold:   225        SH:  0    Dex:  9    Spells: 6/6 levels left

rFire    . . .     SeeInvis .   a - +4 hand axe
rCold    . . .     Faith    .   (no shield)
rNeg     . . .     Spirit   .   y - +0 chain mail
rPois    +         Reflect  .   (helmet restricted)
rElec    .         Harm     .   p - +0 cloak
rCorr    .         Rampage  .   v - +1 pair of gloves
Will     .....                  (no boots)
Stlth    ..........             (no amulet)
HPRegen  0.20/turn              h - +4 ring of evasion
MPRegen  0.10/turn              x - ring of poison resistance

@: on berserk cooldown, slowed, very slow
A: horns 2, retaliatory headbutt
a: Renounce Religion, Berserk, Trog's Hand


You were on level 6 of the Dungeon.
You worshipped Trog.
Trog was most pleased with you.
You visited 1 branch of the dungeon, and saw 6 of its levels.

You collected 225 gold pieces.

Inventory:

Hand Weapons
 a - a +4 hand axe (weapon)
 b - a +3 flail of draining
 o - a +2 quarterstaff of chaos
 r - a +0 vampiric whip
 u - a +0 hand axe
Missiles
 c - 202 stones (quivered)
 f - 83 arrows
 i - 40 bolts
 s - 16 sling bullets
 t - 14 poisoned darts
Armour
 p - a +0 cloak (worn)
 v - a +1 pair of gloves (worn)
 y - a +0 chain mail (worn)
Jewellery
 e - a ring of ice
 h - a +4 ring of evasion (left hand)
 x - a ring of poison resistance (right hand)
Wands
 k - a wand of acid (9)
 n - a wand of digging (3)
Scrolls
 d - 11 scrolls of identify {unknown}
 g - 2 scrolls of teleportation {unknown}
 j - a scroll of amnesia {unknown}
 l - 2 scrolls of holy word {unknown}
 q - a scroll of brand weapon {unknown}
 w - a scroll of enchant weapon {unknown}
Potions
 m - a potion of flight {unknown}
 z - a potion of degeneration {unknown}


   Skills:
 + Level 5.8 Fighting
 + Level 6.6(6.8) Axes
 + Level 2.1(5.3) Maces & Flails
 + Level 3.6(3.9) Staves
 + Level 5.4 Armour
 + Level 4.3 Dodging
 + Level 0.6 Stealth


You had 6 spell levels left.
You didn't know any spells.
Your spell library contained the following spells:

 Spells                   Type           Power      Damage    Failure   Level
 Corona                   Hex            0%         N/A       98%         1
 Shock                    Conj/Air       0%         1d3       98%         1
 Sting                    Tmut/Pois      0%         1d3       98%         1
 Ensorcelled Hibernation  Hex/Ice        0%         N/A       99%         2
 Poisonous Vapours        Pois/Air       0%         N/A       99%         2
 Call Canine Familiar     Summ           0%         N/A       100%        3
 Inner Flame              Hex/Fire       0%         N/A       100%        3
 Portal Projectile        Hex/Tloc       0%         N/A       100%        3
 Swiftness                Air            0%         N/A       100%        3
 Tukima's Dance           Hex            0%         N/A       100%        3
 Airstrike                Air            0%         N/A       100%        4
 Cause Fear               Hex            0%         N/A       100%        4
 Leda's Liquefaction      Hex/Erth       0%         N/A       100%        4
 Olgreb's Toxic Radiance  Pois           0%         N/A       100%        4
 Discord                  Hex            0%         N/A       100%        8


Dungeon Overview and Level Annotations

Branches:
Dungeon (6/15)
 Temple: D:4-7

Altars:
Ashenzari
Cheibriados
Fedhas
Sif Muna
Wu Jian
Xom
Zin

Shops:
D:4 *


Innate Abilities, Weirdness & Mutations

You have a pair of horns on your head.
You reflexively headbutt those who attack you in melee.


Message History

The arrow barely misses you.
Your base Maces & Flails skill increases to level 2!
Things that are here:
a +0 rapier; a +0 ring mail; the elf corpse of Duvessa You feel a strong urge to attack something.
The centaur shoots an arrow.
The arrow hits you.
* * * LOW HITPOINT WARNING * * *
You are no longer berserk.
You are exhausted.
You feel yourself slow down.
The centaur shoots an arrow.
The arrow hits you!
* * * LOW HITPOINT WARNING * * *
The centaur shoots an arrow.
The arrow misses you.
The centaur shoots an arrow.
The arrow hits you.
* * * LOW HITPOINT WARNING * * *
The centaur shoots an arrow.
The arrow barely misses you.
The centaur unwields a +0 shortbow.
The centaur hits you but does no damage.
The centaur kicks you but does no damage.
The centaur closely misses you. x2
You barely miss the centaur.
The centaur hits you but does no damage.
The centaur kicks you but does no damage.
The centaur hits you but does no damage.
The centaur kicks you.
* * * LOW HITPOINT WARNING * * *
You hit the centaur but do no damage. Your headbutt misses the centaur.
The centaur hits you but does no damage.
The centaur kicks you.
* * * LOW HITPOINT WARNING * * *
The centaur hits you but does no damage.
The centaur closely misses you.
You hit the centaur. You headbutt the centaur!
The centaur is heavily wounded.
The centaur hits you but does no damage.
The centaur kicks you but does no damage.
The centaur barely misses you. You furiously retaliate!
You headbutt the centaur, but do no damage.
The centaur kicks you but does no damage.
The centaur hits you.
You die...

## ... ### #.# #...
### #.### ...# #..
....# ..<# #.# #.#.#
....## # #.#
#.#.###.....#
#.##.###.#...)...#.#
##......c@...)......#
#....<..########+####
#.###.#.# #...# ##..#
...# ..... .....##
####..#


You could see a centaur.

Vanquished Creatures
  Edmund (D:5)
  Duvessa (D:6)
  A centaur (D:5)
  A phantom (D:4)
  A water moccasin zombie (D:5)
  Dowan (D:6)
  4 crimson imps (D:3)
  Crazy Yiuf (D:2)
  3 orc priests (D:2)
  2 iguanas (D:4)
  An orc wizard (D:5)
  4 gnolls (D:2)
  2 adders
  2 worms
  3 dart slugs
  6 orcs
  3 bats
  10 endoplasms
  2 giant cockroaches
  3 goblins
  5 hobgoblins
  4 jackals (D:3)
  A quokka (D:5)
  6 ball pythons
  2 frilled lizards
  4 kobolds
  7 rats
81 creatures vanquished.

Vanquished Creatures (others)
  44 plants (D:1)
44 creatures vanquished.

Grand Total: 125 creatures vanquished

Notes
Turn   | Place    | Note
-------+----------+-------------------------------------------
     0 | D:1      | snetch the Minotaur Berserker began the quest for the Orb.
     0 | D:1      | Reached XP level 1. HP: 19/19 MP: 0/0
   272 | D:1      | Reached XP level 2. HP: 27/27 MP: 1/1
   494 | D:1      | Reached skill level 4 in Axes
  1084 | D:2      | Reached XP level 3. HP: 28/33 MP: 2/2
  1154 | D:2      | Reached ** piety under Trog
  1155 | D:2      | Reached XP level 4. HP: 21/41 MP: 3/3
  1157 | D:2      | Reached skill level 5 in Axes
  1456 | D:2      | Reached XP level 5. HP: 38/47 MP: 4/4
  1747 | D:2      | Found a runed translucent door.
  1748 | D:2      | Noticed Crazy Yiuf
  1759 | D:2      | Killed Crazy Yiuf
  2073 | D:2      | Reached skill level 1 in Staves
  2076 | D:2      | Reached skill level 5 in Fighting
  2305 | D:3      | Found a blossoming altar of Fedhas.
  2514 | D:3      | Found a broken altar of Ashenzari.
  2563 | D:3      | Found a shimmering blue altar of Sif Muna.
  2612 | D:3      | Found a faded altar of an unknown god.
  2790 | D:3      | Found a shimmering altar of Xom.
  2806 | D:3      | Reached XP level 6. HP: 52/56 MP: 5/5
  3055 | D:4      | Found Feabb's Assorted Antiques.
  3082 | D:5      | Entered Level 5 of the Dungeon
  3111 | D:4      | Found a glowing silver altar of Zin.
  3380 | D:4      | Reached skill level 6 in Axes
  3497 | D:4      | Found an ornate altar of the Wu Jian Council.
  3508 | D:5      | Noticed Edmund
  3516 | D:5      | Killed Edmund
  3517 | D:5      | Reached XP level 7. HP: 42/61 MP: 6/6
  3767 | D:4      | Found a snail-covered altar of Cheibriados.
  4527 | D:5      | Reached *** piety under Trog
  4546 | D:5      | Reached skill level 1 in Maces & Flails
  4609 | D:6      | Noticed Dowan
  4610 | D:6      | Noticed Duvessa
  4617 | D:6      | Killed Dowan
  4618 | D:6      | Reached skill level 5 in Armour
  4626 | D:6      | Killed Duvessa
  4630 | D:6      | HP: 3/62 [centaur/arrow (3)]
  4634 | D:6      | Slain by a centaur

Illustrated notes

Levels and vault maps discovered:
D:1:      roderic_crop_circles_arrival_small, layout_loops_corners
D:2:      layout_loops_cross, minmay_tromino_i4, uniq_crazy_yiuf_cottage
D:3:      layout_loops_ring, lemuel_blue_sif_altar, led_xom_imps,
          nicolae_ashenzari_skybound, fedhas_altar_2,
          shapermc_ecumenical_altar_notcrosses
D:4:      layout_layer_cave, lemuel_coloured_pillars_altar,
          kennysheep_mini_moat, zin_academy, serial_shops, nicolae_shop_stone,
          kennysheep_small_spiral, minmay_misc_feat_five,
          hangedman_decor_growths
D:5:      layout_gridville, kennysheep_nondescript, kennysheep_generic_room_13,
          uniq_edmund, uniq_menkaure
D:6:      corexii_shantytown, layout_loops_corners, mainiacjoe_overflow_paths,
          mainiacjoe_overflow_catwalk, portal_sewer_entry_d, uniq_pikel,
          uniq_maggie, uniq_grinder, uniq_duvessa, uniq_sigmund

Skill      XL: |  1  2  3  4  5  6  7 |
---------------+----------------------+-----
Fighting       | 4 5 |  5.8
Axes           | 4 5 6 |  6.6
Armour         | 3 4 5 |  5.4
Dodging        | 3 4 |  4.3
Staves         | 1 2 3 |  3.6
Maces & Flails | 2 |  2.1
Stealth        | |  0.6

Action                   |  1- 3 |  4- 6 |  7- 9 || total
-------------------------+-------+-------+-------++-------
Melee: Hand axe          |    67 |    81 |    12 ||   160
       Headbutt          |    10 |    22 |    11 ||    43
       Quarterstaff      |       |    16 |       ||    16
       Flail             |       |       |    27 ||    27
Invok: Berserk           |     1 |     1 |     1 ||     3
Armor: Ring mail         |    12 |    25 |       ||    37
       Chain mail        |       |     2 |    28 ||    30
Dodge: Dodged            |    36 |    66 |    42 ||   144
